 Dungeon Crawl Stone Soup version 0.29.1-15-g9cfb28693d (webtiles) character file.

Game seed: 6736506054020810541

1466 leafyfresh the Covert (level 8, -9/60 HPs)
             Began as an Octopode Delver on Mar 5, 2023.
             Was an Initiate of Ashenzari.
             Mangled by Duvessa
             ... wielding a +0 short sword
              (15 damage)
             ... on level 7 of the Dungeon.
             The game lasted 00:09:08 (7463 turns).

leafyfresh the Covert (Octopode Delver)             Turns: 7463, Time: 00:09:09

Health: -9/60      AC:  1    Str: 18    XL:     8   Next: 77%
Magic:  8/8        EV: 16    Int: 14    God:    Ashenzari [......]
Gold:   383        SH:  0    Dex: 14    Spells: 7/7 levels left

rFire   . . .      SeeInvis .   h - +9 falchion "Xamackig" {pain, Str+7}
rCold   . . .      Faith    .   (no shield)
rNeg    . . .      Spirit   .   (helmet restricted)
rPois   .          Reflect  .   (no amulet)
rElec   .          Harm     .   (no ring)
rCorr   .          Rampage  .   (no ring)
Will    .....                   (no ring)
Stlth   +++++.....              (no ring)
HPRegen 0.20/turn               (no ring)
MPRegen 0.11/turn               (no ring)
                                (no ring)
                                (no ring)

@: no status effects
A: almost no armour, amphibious, 8 rings, camouflage 1, gelatinous body 1,
(nimble swimmer 1), tentacles
a: Renounce Religion, Curse Item


You were on level 7 of the Dungeon.
You worshipped Ashenzari.
Ashenzari was noncommittal.
You visited 2 branches of the dungeon, and saw 8 of its levels.

You collected 383 gold pieces.

Inventory:

Hand Weapons
 h - the +9 falchion "Xamackig" (weapon) {pain, Str+7}
   (You took it off an orc on level 5 of the Dungeon)

   In the hands of one skilled in necromantic magic, it inflicts extra damage on
   living creatures.
   Str:       It affects your strength (+7).
Missiles
 m - 6 silver javelins (quivered)
Wands
 f - a wand of digging (3)
 j - a wand of charming (6)
 B - a wand of mindburst (13)
Scrolls
 a - 3 scrolls of brand weapon {unknown}
 b - a scroll of fog
 c - 2 scrolls of magic mapping
 d - a scroll of fear
 g - 3 scrolls of blinking {unknown}
 k - 4 scrolls of amnesia {unknown}
 n - 3 scrolls of teleportation {unknown}
 s - 3 scrolls of immolation {unknown}
 t - 7 scrolls of identify {unknown}
 u - a scroll of butterflies {unknown}
 x - 2 scrolls of vulnerability {unknown}
 y - a scroll of enchant weapon {unknown}
 z - a scroll of noise {unknown}
Potions
 e - a potion of haste
 i - a potion of mutation {unknown}
 l - 2 potions of degeneration {unknown}
 o - a potion of lignification {unknown}
 p - 2 potions of heal wounds {unknown}
 q - 3 potions of curing {unknown}
 r - a potion of magic {unknown}
 v - 2 potions of might {unknown}
 w - 3 potions of flight {unknown}
 A - a potion of berserk rage {unknown}


   Skills:
 + Level 7.6 Fighting
 - Level 2.0(2.2) Short Blades
 - Level 1.3(1.9) Long Blades
 + Level 7.2 Dodging
 - Level 8.2 Stealth


You had 7 spell levels left.
You didn't know any spells.
Your spell library contained the following spells:

 Spells                   Type           Power      Damage    Failure   Level
 Static Discharge         Conj/Air       0%         3-3/arc   41%         2
 Stone Arrow              Conj/Erth      0%         3d7       65%         3
 Corpse Rot               Necr/Pois/Air  0%         N/A       96%         4
 Dispel Undead            Necr           0%         3d6       96%         4
 Passage of Golubria      Tloc           0%         N/A       96%         4
 Lightning Bolt           Conj/Air       0%         1d11      100%        5
 Silence                  Hex/Air        0%         N/A       100%        5
 Death Channel            Necr           0%         N/A       100%        6
 Dispersal                Tloc           0%         N/A       100%        6
 Disjunction              Tloc           0%         N/A       100%        8
 Lehudib's Crystal Spear  Conj/Erth      0%         10d2      100%        8
 Maxwell's Capacitive Co  Air            0%         ∞         100%        8
 Animate Armour           Summ/Erth      Unusable   N/A       N/A         4

Dungeon Overview and Level Annotations

Branches:
Dungeon (7/15)             Temple (1/1) D:6

Altars:
Ashenzari
Cheibriados
Dithmenos
Elyvilon
Fedhas
Gozag
Hepliaklqana
Nemelex Xobeh
Okawaru
Qazlal
Ru
Sif Muna
Trog
Uskayaw
Vehumet
Xom
Yredelemnul
The Shining One

Shops:
D:3 *

Annotations:
D:7 Duvessa


Innate Abilities, Weirdness & Mutations

You cannot wear most types of armour.
You are amphibious.
You can wear up to eight rings at the same time.
Your skin changes colour to match your surroundings (Stealth+).
Your rubbery body absorbs attacks. (AC +1, EV +1)
((You are camouflaged when in or above water. (Stealth+)))
You have tentacles for arms and can constrict up to eight enemies at once.


Message History

The ice beast is severely wounded.
The ice beast barely misses you.
You slash the ice beast!
You kill the ice beast!
You hear the slow hiss of an avalanche of sand nearby.
Dowan hits you with a +0 dagger.
You slash Dowan! You grab Dowan. You squeeze Dowan.
Dowan is severely wounded.
You constrict Dowan.
Duvessa shouts!
Dowan casts a spell at you. The puff of flame hits you!
You slash Dowan!
You kill Dowan!
Duvessa screams, "No!
How DARE you!"
Duvessa goes berserk!
Duvessa misses you.
You barely miss Duvessa. You grab Duvessa. You squeeze Duvessa.
Duvessa is lightly wounded.
You constrict Duvessa. Duvessa misses you.
Duvessa hits you with a +0 short sword!
You barely miss Duvessa.
Duvessa is lightly wounded.
You constrict Duvessa. Duvessa hits you with a +0 short sword!
Duvessa barely misses you.
You are too injured to fight recklessly!
You are too injured to fight recklessly!
Unknown command.
You hit Duvessa.
Duvessa is moderately wounded.
You constrict Duvessa. Duvessa completely misses you.
You hit Duvessa.
Duvessa is moderately wounded.
You constrict Duvessa! Duvessa hits you with a +0 short sword!
* * * LOW HITPOINT WARNING * * *
Duvessa hits you with a +0 short sword!
* * * LOW HITPOINT WARNING * * *
You slash Duvessa!
Duvessa is severely wounded.
You constrict Duvessa. Duvessa hits you with a +0 short sword!
You die...

#.# #..# #.# #..#
#.# #..# #.#
####..### #.#
#.......# #.#
#.##..#.# #.#
#.#...#
#.###.#...#+#####
#.....#.#@.......
#######..e.......
.............
##...##.......
...#. ###...#
#####. ...# # ###


You could see Duvessa (berserk).

Vanquished Creatures
  A sky beast (D:7)
  3 ice beasts
  An orc warrior (D:6)
  An ogre (D:5)
  A phantom (D:6)
  2 bullfrogs
  A necrophage (D:5)
  Dowan (D:7)
  A jelly (D:6)
  A howler monkey (D:5)
  4 hounds
  2 orc priests
  2 iguanas
  An orc wizard (D:6)
  13 adders
  2 shadow imps
  2 ufetubi
  2 worms
  5 dart slugs
  The ghost of turnipcat1 the Caller, a weakling OpSu of Nemelex Xobeh (D:3)
  19 orcs
  8 endoplasms
  4 giant cockroaches
  4 goblins
  10 hobgoblins
  A jackal (D:3)
  9 kobolds
  5 quokkas
  8 ball pythons
  3 bats
  3 frilled lizards
  11 rats
132 creatures vanquished.

Notes
Turn   | Place    | Note
-------+----------+-------------------------------------------
     0 | D:5      | leafyfresh the Octopode Delver began the quest for the Orb.
     0 | D:5      | Reached XP level 1. HP: 16/16 MP: 1/1
    39 | D:5      | Identified the +9 falchion "Xamackig" {pain, Str+7}
    41 | D:5      | Noticed a hound
    46 | D:5      | Killed a hound
    47 | D:5      | Reached skill level 7 in Stealth
    47 | D:5      | Reached XP level 2. HP: 13/21 MP: 2/2
    47 | D:5      | Reached XP level 3. HP: 16/26 MP: 3/3
    99 | D:5      | Noticed an ogre
   299 | D:5      | Noticed a necrophage
   351 | D:5      | Reached XP level 4. HP: 25/33 MP: 4/4
   411 | D:4      | Reached skill level 1 in Long Blades
   970 | D:3      | Found Sameriuh's Assorted Antiques.
  1145 | D:3      | Reached XP level 5. HP: 37/37 MP: 5/5
  1433 | D:3      | Found a runed translucent door.
  1446 | D:3      | Noticed turnipcat1's ghost (weakling OpSu)
  2853 | D:1      | Reached skill level 8 in Stealth
  2886 | D:1      | Reached XP level 6. HP: 43/43 MP: 6/6
  3400 | D:3      | Killed turnipcat1's ghost
  4519 | D:5      | Reached skill level 5 in Fighting
  4519 | D:5      | Reached XP level 7. HP: 50/50 MP: 7/7
  4887 | D:5      | Reached skill level 5 in Dodging
  5177 | D:6      | Found a staircase to the Ecumenical Temple.
  5196 | Temple   | Entered the Ecumenical Temple
  5308 | Temple   | Became a worshipper of Ashenzari the Shackled
  5923 | D:6      | Reached XP level 8. HP: 35/58 MP: 8/8
  7450 | D:7      | Noticed Duvessa
  7450 | D:7      | Noticed Dowan
  7458 | D:7      | Killed Dowan
  7463 | D:7      | Mangled by Duvessa

Illustrated notes

Levels and vault maps discovered:
D:1:      amcnicky_arrival_flooded_fountain, layout_loops_ring
D:2:      layout_basic, minmay_tetromino_i4
D:3:      layout_loops_corners, ebering_ghost_sewer_d, serial_shops,
          nicolae_shop_statue_plus, minmay_pentangle
D:4:      layout_rooms
D:5:      layout_loops_ring
D:6:      nicolae_cairo_tiling_large, layout_basic, minmay_temple_entry_waves,
          grunt_ministairs_13
D:7:      layout_basic, nicolae_ossuary_entry_monument, uniq_duvessa,
          uniq_prince_ribbit1
Temple:   regret_index_temple_mists

Skill      XL: |  1  2  3  4  5  6  7  8 |
---------------+-------------------------+-----
Stealth        | 7 8 |  8.2
Long Blades    | 1 |  1.3
Dodging        | 3 4 6 7 |  7.2
Fighting       | 4 5 6 7 |  7.6
Short Blades   | |  2.0

Action                   |  1- 3 |  4- 6 |  7- 9 || total
-------------------------+-------+-------+-------++-------
Melee: Short sword       |     5 |       |       ||     5
       Falchion          |     2 |   122 |    93 ||   217
       Constrict         |     1 |    15 |    17 ||    33
       Tentacles         |     1 |     9 |    19 ||    29
       Punch             |       |       |     6 ||     6
  Use: Scroll            |       |     1 |       ||     1
       Potion            |       |       |     1 ||     1
 Stab: Sleeping          |     1 |    39 |    11 ||    51
       Distracted        |       |     1 |     1 ||     2
Armor: Skin              |       |    11 |     3 ||    14
Dodge: Dodged            |     3 |    48 |    55 ||   106
